 Dungeon Crawl Stone Soup version 0.29-a0-275-g389c0b56f3 (webtiles) character file.

Game seed: 8579101055833647703

693 Dabor the Skirmisher (level 7, -8/88 HPs)
             Began as a Palentonga Berserker on Mar 12, 2022.
             Was a Believer of Trog.
             Mangled by an ogre
             ... wielding a +0 giant club
              (30 damage)
             ... on level 5 of the Dungeon.
             The game lasted 00:04:41 (5152 turns).

Dabor the Skirmisher (Palentonga Berserker)         Turns: 5152, Time: 00:04:41

Health: -8/88      AC: 15    Str: 22    XL:     7   Next: 37%
Magic:  7/7        EV:  6    Int:  7    God:    Trog [**....]
Gold:   320        SH:  0    Dex: 10    Spells: 6/6 levels left

rFire   . . .      SeeInvis +   A - +1 hand axe (elec)
rCold   . . .      Faith    .   (no shield)
rNeg    . . .      Spirit   .   b - +0 chain mail
rPois   .          Reflect  .   (no helmet)
rElec   .          Harm     .   (no cloak)
rCorr   .          Rampage  .   (no gloves)
Will    .....                   (no barding)
Stlth   ..........              (no amulet)
HPRegen 0.24/turn               (no ring)
MPRegen 0.10/turn               (no ring)

@: berserking, curled up, very quick
A: large, rugged brown scales 3, see invisible, deformed body, roll 1, armoured
tail, reflexive curl
a: Rolling Charge, Renounce Religion, Berserk, Trog's Hand


You were on level 5 of the Dungeon.
You worshipped Trog.
Trog was pleased with you.
You visited 1 branch of the dungeon, and saw 5 of its levels.

You collected 320 gold pieces.

Inventory:

Hand Weapons
 A - a +1 hand axe of electrocution (weapon)
Missiles
 r - a throwing net
Armour
 b - a +0 chain mail (worn)
 p - a +0 scale mail
Jewellery
 e - a ring of fire
Wands
 q - a wand of mindburst (12)
 w - a wand of digging (4)
 x - a wand of flame (11)
 y - a wand of iceblast (5)
Scrolls
 c - 3 scrolls of vulnerability
 f - 2 scrolls of torment
 j - a scroll of silence
 l - 2 scrolls of noise
 m - a scroll of immolation
 s - a scroll of blinking
 t - a scroll of enchant weapon
 u - a scroll of magic mapping {unknown}
Potions
 a - a potion of lignification {unknown}
 g - a potion of haste {unknown}
 i - a potion of cancellation {unknown}
 k - 3 potions of curing {unknown}
 o - a potion of heal wounds {unknown}
 z - a potion of brilliance {unknown}


   Skills:
 + Level 5.0 Fighting
 + Level 5.0 Axes
 + Level 3.6 Armour
 + Level 3.6 Dodging


You had 6 spell levels left.
You didn't know any spells.
Your spell library was empty.

Dungeon Overview and Level Annotations

Branches:
Dungeon (5/15)
 Temple: D:4-7

Altars:
Trog

Shops:
D:3 :


Innate Abilities, Weirdness & Mutations

You are completely covered in rugged brown scales. (AC +3, +7% HP)
You have supernaturally acute eyesight. (SInv)
Armour fits poorly on your strangely shaped body.
You can roll at nearby foes to attack.
You have a long armoured tail.
You curl defensively after being hit. (AC +7*)


Message History

Found a stone staircase leading up.
You feel sick.
You feel sick.
You now have 303 gold pieces (gained 7).
You feel sick.
You feel sick.
You are no longer poisoned.
Found 17 gold pieces.
You see here a +0 chain mail.
Press: ? - help, v - describe, . - travel, g - get item Item here: a +0 chain mail.
The floor.
You start removing your armour.
You continue taking off your +0 scale mail. x4
You finish taking off your +0 scale mail.
You start putting on your armour.
You continue putting on your +0 chain mail. x5
You finish putting on your +0 chain mail.
There is a stone staircase leading up here.
You now have 320 gold pieces (gained 17).
An ogre comes into view. It is wielding a +0 giant club.
The ogre shouts!
The ogre moves out of view.
Key pressed, stopping explore.
No target in view!
An ogre is nearby!
An ogre is nearby!
The ogre hits you with a +0 giant club!!
You barely miss the ogre.
An ogre is nearby!
You slash the ogre!
The ogre is moderately wounded.
The ogre hits you with a +0 giant club!!
* * * LOW HITPOINT WARNING * * *
An ogre is nearby!
You are too injured to fight recklessly!
You are too injured to fight recklessly!
A red film seems to cover your vision as you go berserk!
You feel yourself moving faster!
You feel mighty!
The ogre hits you with a +0 giant club!!
You die...

#.. #.. ##.###
#....# #....#
##...# ##....##
#.....@#
#...#..O...#..
#..##.#..##....
##.#####........
#....###.........
#..[..#..........
#................
##..............#
...
#......<.......#
....


You could see an ogre.

Vanquished Creatures
  Eustachio (D:4)
  Edmund (D:5)
  A scorpion (D:5)
  Blork the orc (D:4)
  2 hounds
  An orc priest (D:5)
  An iguana (D:4)
  2 orc wizards (D:4)
  8 adders
  A worm (D:2)
  A dart slug (D:3)
  7 orcs
  4 ball pythons
  4 endoplasms
  6 giant cockroaches
  11 hobgoblins
  5 jackals (D:1)
  11 kobolds
  3 quokkas (D:1)
  7 bats
  3 frilled lizards
  8 goblins
  3 rats
92 creatures vanquished.

Vanquished Creatures (others)
  A plant (D:5)
1 creature vanquished.

Grand Total: 93 creatures vanquished

Notes
Turn   | Place    | Note
-------+----------+-------------------------------------------
     0 | D:1      | Dabor the Palentonga Berserker began the quest for the Orb.
     0 | D:1      | Reached XP level 1. HP: 19/19 MP: 1/1
   108 | D:1      | Reached XP level 2. HP: 12/25 MP: 2/2
   384 | D:1      | Found a faded altar of an unknown god.
   640 | D:1      | Reached XP level 3. HP: 26/31 MP: 3/3
  2041 | D:3      | Found Bekuror's Book Shop.
  2196 | D:3      | Reached ** piety under Trog
  2239 | D:3      | Reached XP level 4. HP: 25/38 MP: 4/4
  2537 | D:3      | Found a bloodstained altar of Trog.
  3204 | D:4      | Reached XP level 5. HP: 34/44 MP: 5/5
  3277 | D:4      | Noticed Blork the orc
  3293 | D:4      | Killed Blork the orc
  3742 | D:4      | Reached XP level 6. HP: 13/51 MP: 6/6
  4320 | D:4      | Noticed Eustachio
  4346 | D:4      | Killed Eustachio
  4667 | D:5      | Entered Level 5 of the Dungeon
  4778 | D:5      | Noticed Edmund
  4785 | D:5      | Killed Edmund
  4786 | D:5      | Gained mutation: You curl defensively after being hit. (AC
                  | +7*) [Palentonga growth]
  4786 | D:5      | Reached XP level 7. HP: 52/58 MP: 7/7
  4908 | D:5      | Reached skill level 5 in Fighting
  4908 | D:5      | Reached skill level 5 in Axes
  5152 | D:5      | Mangled by an ogre

Illustrated notes

Levels and vault maps discovered:
D:1:      minmay_arrival_nine_rooms, layout_basic,
          shapermc_ecumenical_altar_ellora, minmay_strange_pillars,
          minmay_misc_feat_more_columns, st_stairs_7
D:2:      layout_loops_cross
D:3:      layout_loops_ring, trog_hazing_becter, serial_shops,
          nicolae_shop_advertising_works [nicolae_subvault_shop_adworks],
          minmay_bisected
D:4:      layout_loops_cross, uniq_eustachio, uniq_blork_the_orc
D:5:      layout_cave_pools, zin_scriptorium, serial_bayou_pond_c,
          dk_noncrumbling_2, uniq_crazy_yiuf_cottage, uniq_grinder,
          uniq_sigmund, uniq_edmund

Skill      XL: |  1  2  3  4  5  6  7 |
---------------+----------------------+-----
Dodging        | 2 3 |  3.6
Armour         | 2 3 |  3.6
Fighting       | 4 5 |  5.0
Axes           | 4 5 |  5.0

Action                   |  1- 3 |  4- 6 |  7- 9 || total
-------------------------+-------+-------+-------++-------
Melee: Hand axe          |    56 |    13 |    10 ||    79
       Tailslap          |    10 |    15 |     1 ||    26
       Dagger            |    22 |    60 |       ||    82
       Short sword       |    22 |       |       ||    22
       Whip              |       |    72 |       ||    72
       Punch             |       |     1 |       ||     1
Invok: Berserk           |       |     4 |     1 ||     5
 Abil: Rolling Charge    |     2 |     2 |       ||     4
  Use: Scroll            |       |     7 |       ||     7
 Stab: Sleeping          |     1 |       |       ||     1
Armor: Animal skin       |    32 |     2 |       ||    34
       Scale mail        |       |    72 |     1 ||    73
Dodge: Dodged            |    47 |    68 |     2 ||   117

Table legend: (Time is in decaauts)
 A = Elapsed time spent in this place.
 B = Non-inter-level travel time spent in this place.
 C = Inter-level travel time spent in this place.
 D = Time resting spent in this place.
 E = Time spent auto-exploring this place.
 F = Levels seen in this place.
 G = Mean time per level.
                   A        B        C        D        E       F      G
               +--------+--------+--------+--------+--------+-----+--------+
         Total |   5185 |   4951 |    234 |    670 |   3639 |   5 | 1037.0 |
       Dungeon |   5185 |   4951 |    234 |    670 |   3639 |   5 | 1037.0 |
               +--------+--------+--------+--------+--------+-----+--------+

Top non-repeatable levels by time:
     D:4: 1508 daAuts
     D:3: 1195 daAuts
     D:1: 1021 daAuts
     D:2: 966 daAuts
     D:5: 494 daAuts
